 Dungeon Crawl Stone Soup version 0.30.0-3-ga4e48a9924 (webtiles) character file.

Game seed: 7272419009651913384

56 browni3141 the Shooter (level 4, -2/36 HPs)
             Began as a Meteoran Hexslinger on May 8, 2023.
             Was a Follower of Nemelex Xobeh.
             Slain by an adder (3 damage)
             ... on level 2 of the Dungeon.
             The game lasted 00:03:12 (579 turns).

browni3141 the Shooter (Meteoran Hexslinger)         Turns: 579, Time: 00:03:13

Health: -2/36      AC:  3    Str: 11    XL:     4   Next: 39%
Magic:  7/7        EV: 13    Int: 14    God:    Nemelex Xobeh [*.....]
Gold:   33         SH:  0    Dex: 17    Spells: 4/5 levels left

rFire   . . .        a - +1 sling
rCold   . . .        (no shield)
rNeg    . . .        c - +0 robe
rPois   .            l - +0 helmet
rElec   .            (no cloak)
rCorr   .            (no gloves)
SInv    .            (no boots)
Will    .....        (no amulet)
Stlth   +            (no ring)
HPRegen 0.26/turn    (no ring)
MPRegen 0.10/turn

%: no passive effects
@: glowing
A: sense surroundings 1, otherworldly, glowing, explore regen
a: Renounce Religion, Draw Escape, Draw Destruction, Draw Summoning


You were on level 2 of the Dungeon.
You worshipped Nemelex Xobeh.
Nemelex Xobeh was aware of your devotion.
You visited 1 branch of the dungeon, and saw 2 of its levels.

You collected 33 gold pieces.

Inventory:

Hand Weapons
 a - a +1 sling (weapon)
Armour
 c - a +0 robe (worn)
 l - a +0 helmet (worn)
 p - a +0 pair of gloves
Jewellery
 o - a ring of fire
Scrolls
 b - a scroll of poison
 d - a scroll of fear {unknown}
 f - a scroll of teleportation {unknown}
 h - a scroll of summoning {unknown}
 j - a scroll of immolation {unknown}
 n - a scroll of amnesia {unknown}
Potions
 e - a potion of curing {unknown}
 g - a potion of lignification {unknown}
 i - a potion of haste {unknown}
 k - a potion of degeneration {unknown}
 m - a potion of might {unknown}


   Skills:
 - Level 2.0 Fighting
 * Level 4.2 Ranged Weapons
 - Level 2.4 Dodging
 - Level 1.3 Spellcasting
 - Level 3.6 Hexes


You had 4 spell levels left.
You knew the following spells:

 Your Spells              Type           Power      Damage    Failure   Level
S - Slow                  Hex            44%        N/A       6%          1

Your spell library contained the following spells:

 Spells                   Type           Power      Damage    Failure   Level
 Summon Small Mammal      Summ           0%         N/A       26%         1
 Inner Flame              Hex/Fire       6%         N/A       36%         3
 Portal Projectile        Hex/Tloc       12%        N/A       36%         3
 Summon Guardian Golem    Hex/Summ       6%         N/A       36%         3
 Cause Fear               Hex            5%         N/A       50%         4
 Call Canine Familiar     Summ           0%         N/A       58%         3


Dungeon Overview and Level Annotations

Branches:
Dungeon (2/15) Zot: 585

Altars:
Nemelex Xobeh


Innate Abilities, Weirdness & Mutations

You passively map a small area around you.
You are easily found by Zot.
You glow in the dark.
You regain HP and MP as you explore.


Message History

You can now draw from decks of power.
Nemelex will now gift you decks of power as you gain piety.
Nemelex Xobeh deals you some cards!
You now have 3 escape cards, 2 destruction cards and 2 summoning cards.
Unknown command.
Press < or > to pray at altars.
There is a fountain of clear blue water here.
You see here a rat corpse.
A giant cockroach comes into view.
You shoot a sling bullet.
The sling bullet hits the giant cockroach.
The giant cockroach is moderately wounded.
You shoot a sling bullet.
The sling bullet hits the giant cockroach!
You kill the giant cockroach!
An adder comes into view.
The adder hisses angrily.
The adder bites you.
You are poisoned.
The adder poisons you!
You shoot a sling bullet.
The sling bullet barely misses the adder.
You feel sick. The adder completely misses you.
You shoot a sling bullet. The sling bullet hits the adder.
The adder is moderately wounded.
You feel sick. The adder closely misses you. The adder bites you.
You shoot a sling bullet. The sling bullet misses the adder.
You feel sick. The adder bites you.
You shoot a sling bullet.
The sling bullet barely misses the adder.
You feel sick. The adder bites you.
You are more poisoned.
The adder poisons you! The adder misses you.
You shoot a sling bullet.
The sling bullet closely misses the adder.
You feel sick. The adder misses you.
You shoot a sling bullet.
The sling bullet closely misses the adder.
You feel sick. The adder bites you. x2
You are too injured to fight recklessly!
You are too injured to fight recklessly!
You are too injured to fight recklessly!
You are too injured to fight recklessly!
You are too injured to fight recklessly!
You shoot a sling bullet.
The sling bullet closely misses the adder.
You feel sick. The adder bites you.
You shoot a sling bullet. The sling bullet hits the adder.
The adder is severely wounded.
You feel sick.
You are no longer poisoned.
The adder closely misses you. The adder completely misses you.
You shoot a sling bullet. The sling bullet hits the adder.
The adder is severely wounded.
The adder bites you.
* * * LOW HITPOINT WARNING * * *
The adder closely misses you.
You shoot a sling bullet.
The sling bullet closely misses the adder.
The adder misses you.
You shoot a sling bullet.
The sling bullet hits the adder but does no damage.
The adder is severely wounded.
The adder barely misses you. The adder misses you.
You shoot a sling bullet.
The sling bullet closely misses the adder.
The adder bites you.
* * * LOW HITPOINT WARNING * * *
You shoot a sling bullet. The sling bullet misses the adder.
The adder closely misses you. x2
You shoot a sling bullet.
The sling bullet barely misses the adder.
The adder bites you.
* * * LOW HITPOINT WARNING * * *
You are poisoned.
The adder poisons you!
You shoot a sling bullet.
The sling bullet closely misses the adder.
You feel sick. The adder bites you.
* * * LOW HITPOINT WARNING * * *
The adder barely misses you.
You shoot a sling bullet. The sling bullet hits the adder.
The adder is almost dead.
You feel sick. The adder bites you but does no damage.
You shoot a sling bullet.
The sling bullet closely misses the adder.
You feel sick. The adder bites you.
* * * LOW HITPOINT WARNING * * *
The adder barely misses you.
You shoot a sling bullet.
The sling bullet hits the adder but does no damage.
The adder is almost dead.
You feel sick. The adder barely misses you.
You shoot a sling bullet.
The sling bullet closely misses the adder.
You feel sick.
You are no longer poisoned.
The adder bites you.
You die...
Your body disappears without additional glow.

#$#...........#.###.#.#.# #
#.#..#.#.####.#.# #.# #.# #
#.......^## #.#.###.#.#.# #
####........ #.........###
#..........# * ...........
#.~~⌠~~.~..# .##.#...###
######.~....P~..# **, .# #...# #
.......P.###.⌠.#####.... ...... .
.####....#_#.~..@S...........####
.# #..~.#.#.~.###.#.....#### †#
#[.~.#.#.P.# ,# .#* * .#
#..⌠....P~.## * * * ,, .#
#..~~P.⌠†...# .# #...........# *
* .# #.##†#...##.#, * .#
#.##.#...##.#,* .# #.##.#..#####
* *


You could see an adder.

Vanquished Creatures
  2 adders (D:2)
  2 dart slugs
  4 bats
  4 endoplasms (D:1)
  5 giant cockroaches
  A goblin (D:1)
  4 hobgoblins
  A quokka (D:1)
  2 frilled lizards (D:1)
  A kobold (D:1)
  6 rats
32 creatures vanquished.

Vanquished Creatures (others)
  A plant (D:2)
1 creature vanquished.

Grand Total: 33 creatures vanquished

Notes
Turn   | Place    | Note
-------+----------+-------------------------------------------
     0 | D:1      | browni3141 the Meteoran Hexslinger began the quest for the
                  | Orb.
     0 | D:1      | Reached XP level 1. HP: 16/16 MP: 3/3
    85 | D:1      | Reached XP level 2. HP: 24/24 MP: 5/5
   259 | D:1      | Reached skill level 3 in Ranged Weapons
   259 | D:1      | Reached XP level 3. HP: 28/29 MP: 6/6
   430 | D:2      | Found a faded altar of an unknown god.
   435 | D:2      | Reached XP level 4. HP: 36/36 MP: 7/7
   468 | D:2      | Reached skill level 4 in Ranged Weapons
   544 | D:2      | Prayed at the altar of an unknown god.
   544 | D:2      | Became a worshipper of Nemelex Xobeh the Trickster
   544 | D:2      | Reached * piety under Nemelex Xobeh
   544 | D:2      | Received a gift from Nemelex Xobeh
   579 | D:2      | HP: 1/36 [poisoned by an adder]
   579 | D:2      | Slain by an adder

Illustrated notes

Levels and vault maps discovered:
D:1:      dpeg_arrival_court, layout_loops_ring, minmay_tromino_i2
D:2:      minmay_general_purpose_star, layout_loops_ring,
          shapermc_ecumenical_altar_acropolis, minmay_crystal_water, uniq_robin

Skill      XL: |  1  2  3  4 |
---------------+-------------+-----
Fighting       | 2 |  2.0
Ranged Weapons | 3 4 |  4.2
Dodging        | |  2.4
Spellcasting   | |  1.3
Hexes          | |  3.6

Action                     |  1- 3 |  4- 6 || total
---------------------------+-------+-------++-------
   Fire: Sling             |    93 |    42 ||   135
 Armour: Robe              |    23 |     9 ||    32
  Dodge: Dodged            |    56 |    28 ||    84
